 Dungeon Crawl Stone Soup version 0.27-a0-1301-g128193abf8 (webtiles) character file.

Game seed: 9288547000557886225

32377 Shayle the Fighter (level 13, -6/123 HPs)
             Began as a Gargoyle Ice Elementalist on June 16, 2021.
             Was an Elder of Vehumet.
             Mangled by a balrug (14 damage)
             ... on level 2 of the Abyss on June 17, 2021.
             The game lasted 01:10:02 (18111 turns).

Shayle the Fighter (Gargoyle Ice Elementalist)     Turns: 18111, Time: 01:10:02

Health: -6/123     AC: 26    Str: 14    XL:     13   Next: 64%
Magic:  22/25      EV: 16    Int: 19    God:    Vehumet [****..]
Gold:   902        SH:  7    Dex: 16    Spells: 2/29 levels left

rFire    . . .     SeeInvis .   G - +2 rapier (holy)
rCold    . . .     Faith    .   R - +3 warlock's mirror {reflect}
rNeg     + . .     Spirit   .   B - +0 acid dragon scales
rPois    ∞         Reflect  +   k - +1 helmet
rElec    +         Harm     .   r - +2 cloak {Stlth+}
rCorr    +         Rampage  .   P - +0 pair of gloves
Will     .....                  u - +0 pair of boots {Stlth+}
Stlth    ..........             (no amulet)
HPRegen  0.30/turn              o - +4 ring of evasion
MPRegen  0.19/turn              A - +6 ring of dexterity

@: berserking, about to teleport, very slightly contaminated, invisible, very
quick
A: sickness immunity, AC +9, negative energy resistance 1, electricity
resistance, torment resistance 1, petrification resistance
a: Renounce Religion


You were on level 2 of the Abyss.
You worshipped Vehumet.
Vehumet was greatly pleased with you.
You visited 3 branches of the dungeon, and saw 14 of its levels.
You visited the Abyss 1 time.
You also visited: Bailey.

You collected 1059 gold pieces.
You spent 157 gold pieces at shops.

Inventory:

Hand Weapons
 c - a +0 club
 f - the +8 storm bow {elec, penet}
   (You acquired it on level 6 of the Dungeon)

   It charges the ammunition it shoots with electricity; occasionally upon a
   hit, such missiles may discharge and cause terrible harm.
   Ammo fired by it passes through the targets it hits, potentially hitting all
   targets in its path until it reaches maximum range.
 g - a +2 dagger of speed
 n - the +8 great sword of Defenestration {vorpal, rElec rPois SInv}
   (You found it on level 6 of the Dungeon)

   It inflicts extra damage upon your enemies.
   It insulates you from electricity.
   It protects you from poison.
   It lets you see invisible.
 p - a +0 mace
 q - a +2 morningstar of protection
 D - a +1 halberd of venom
 G - a +2 rapier of holy wrath (weapon)
 H - a +1 war axe of electrocution
Missiles
 v - 135 arrows
 I - a curare-tipped dart
Armour
 a - a +0 robe
 e - a scarf of invisibility
 k - a +1 helmet (worn)
 r - a +2 cloak of stealth (worn)
 u - a +0 pair of boots of stealth (worn)
 B - +0 acid dragon scales (worn)
 J - a +0 troll leather armour
 P - a +0 pair of gloves (worn)
 R - the +3 warlock's mirror (worn) {reflect}
   (You found it on level 12 of the Dungeon)
Jewellery
 i - a ring of fire
 o - a +4 ring of evasion (left hand)
 A - a +6 ring of dexterity (right hand)
 O - a +4 ring of evasion
Wands
 L - a wand of mindburst (14)
 N - a wand of acid (11)
Scrolls
 b - 2 scrolls of enchant weapon {unknown}
 d - 2 scrolls of immolation
 h - 2 scrolls of summoning {unknown}
 j - 3 scrolls of magic mapping
 l - 2 scrolls of enchant armour {unknown}
 s - a scroll of teleportation
 t - a scroll of torment {unknown}
 y - 3 scrolls of noise {unknown}
 z - a scroll of fear {unknown}
 F - 2 scrolls of vulnerability {unknown}
Potions
 m - a potion of attraction
 E - 3 potions of flight
 K - 2 potions of lignification
 M - a potion of curing
 Q - a potion of haste
 S - a potion of invisibility
 T - a potion of magic {unknown}
Miscellaneous
 w - a piece from Xom's chessboard (15/15)


   Skills:
 + Level 10.2 Fighting
 - Level 9.1 Armour
 + Level 4.0 Dodging
 - Level 2.1 Stealth
 + Level 0.4 Shields
 + Level 8.9 Spellcasting
 + Level 9.5 Conjurations
 + Level 5.4 Fire Magic
 + Level 10.2 Ice Magic
 + Level 8.1 Evocations


You had 2 spell levels left.
You knew the following spells:

 Your Spells              Type           Power      Damage    Failure   Level
a - Freeze                Ice            100%       1d11      1%          1
b - Frozen Ramparts       Ice            94%        1d11      1%          3
c - Ozocubu's Armour      Ice            47%        N/A       1%          3
d - Hailstorm             Conj/Ice       45%        3d10      1%          4
e - Sticky Flame          Conj/Fire      36%        2d6       2%          4
f - Freezing Cloud        Conj/Ice/Air   16%        6-21      9%          5
g - Orb of Destruction    Conj           22%        9d9       58%         7

Your spell library contained the following spells:

 Spells                   Type           Power      Damage    Failure   Level
 Fireball                 Conj/Fire      18%        3d9       6%          5
 Magic Dart               Conj           100%       1d8       1%          1
 Shock                    Conj/Air       100%       1d9       1%          1
 Searing Ray              Conj           88%        3d6       1%          2
 Animate Skeleton         Necr           16%        N/A       19%         1
 Apportation              Tloc           16%        N/A       19%         1
 Corona                   Hex            8%         N/A       19%         1
 Summon Small Mammal      Summ           32%        N/A       19%         1
 Dazzling Flash           Conj/Hex       52%        N/A       2%          3
 Fulminant Prism          Conj/Hex       13%        3d9       7%          4
 Iskenderun's Mystic Bla  Conj/Tloc      26%        2d7       7%          4
 Metabolic Englaciation   Hex/Ice        13%        N/A       52%         5


Dungeon Overview and Level Annotations

Branches:
Dungeon (12/15)            Temple (1/1) D:6            Lair (0/6) D:10
    Orc (1/2) D:10         Bailey (visited)

Altars:
Ashenzari
Cheibriados
Dithmenos
Elyvilon
Fedhas
Gozag
Hepliaklqana
Kikubaaqudgha
Makhleb
Nemelex Xobeh
Ru
Sif Muna
Trog
Uskayaw
Vehumet
Wu Jian
Xom
Yredelemnul
Zin
The Shining One

Shops:
D:3 (   D:5 ([[

Annotations:
D:7 1 runed translucent door, drugrobin's ghost, novice DgWr


Innate Abilities, Weirdness & Mutations

You are immune to sickness and miasma.
Your stone body is resilient. (AC +9)
You are immune to poison.
You resist negative energy. (rN+)
You are resistant to electric shocks. (rElec)
You are resistant to unholy torment.
You are immune to petrification.


Message History

You feel your power returning.
Your Dodging skill increases to level 4!
Unknown command.
It was a potion of cancellation.
You feel strangely stable.
Your magical effects are unravelling.
You feel magically purged.
Your icy armour evaporates.
The frozen ramparts melt away.
The freezing wraith hits you but does no damage.
The freezing wraith barely misses you. The balrug gestures at you.
Something smites you!
Unknown command.
As you read the scroll of teleportation, it crumbles to dust.
You feel strangely unstable.
You feel the power of the Abyss delaying your translocation!
The freezing wraith closely misses you.
The freezing wraith hits you but does no damage.
The balrug barely misses you.
It was a potion of invisibility.
You fade into invisibility!
The balrug hits you with a +0 demon whip.
You are engulfed in flames!!
* * * LOW HITPOINT WARNING * * *
The freezing wraith hits you but does no damage. x2
The sun demon completely misses you.
You are very lightly contaminated with residual magic.
It was a potion of berserk rage.
A red film seems to cover your vision as you go berserk!
You feel yourself moving faster!
You feel mighty! The balrug hits you but does no damage.
You block the sun demon's attack.
The freezing wraith hits you but does no damage.
The freezing wraith closely misses you.
You hit the sun demon.
The sun demon convulses.
The sun demon is moderately wounded.
The balrug hits you with a +0 demon whip!
* * * LOW HITPOINT WARNING * * *
You are engulfed in flames!
You die...

# ### #
#.#...# #
#..### # #
.#...
##.#.## #.
..# ##.##.
.. ## # ##
##..#...###
. .
####.##.#..
##
#3@W##.##.##
.## #)##2#..
.# #
#.....### .
. #.##.## #
. . #.. . .
##


You could see a balrug, a sun demon and a freezing wraith.

Vanquished Creatures
  2 boulder beetles
  2 hydras (D:11)
  A centaur warrior (D:8)
  4 two-headed ogres
  6 death yaks
  A sun demon (Abyss:2)
  2 orc knights
  4 wizards (D:12)
  A lindwurm (shapeshifter) (D:11)
  3 cyclopes
  2 manticores (D:11)
  2 deep elf pyromancers (D:11)
  A gargoyle (D:11)
  2 unseen horrors
  A komodo dragon (D:10)
  A yaktaur (D:11)
  A red devil (Abyss:2)
  7 trolls
  A meliai zombie (D:10)
  3 shadows
  A large abomination (Abyss:2)
  3 wraiths
  21 yaks
  2 wyverns
  6 humans (D:7)
  A basilisk (D:10)
  3 vampire mosquitoes (D:12)
  A steam dragon (D:8)
  2 acid dragons
  An ice beast (D:6)
  14 orc warriors
  5 ogres
  A necrophage (D:6)
  3 sky beasts
  3 centaurs
  A phantom (D:7)
  A kobold brigand (D:9)
  A gnoll sergeant (D:10)
  A wyvern zombie (D:7)
  5 scorpions
  15 killer bees
  11 electric eels
  3 howler monkeys
  7 centaur zombies
  4 hounds
  6 orc priests
  Crazy Yiuf (D:2)
  A bullfrog skeleton (D:6)
  2 jellies (D:6)
  3 centaur skeletons (D:7)
  Jessica (D:7)
  A gnoll shaman (D:6)
  6 iguanas
  7 orc wizards
  3 howler monkey zombies
  Robin (D:2)
  15 adders
  5 gnolls
  3 white imps
  An ufetubus (D:7)
  3 worms
  2 dart slugs
  31 orcs
  9 ball pythons
  6 endoplasms
  4 giant cockroaches
  20 goblins
  13 hobgoblins
  4 jackals
  3 quokkas
  9 bats
  3 frilled lizards
  26 kobolds
  10 rats
362 creatures vanquished.

Vanquished Creatures (others)
  3 orcs (D:10)
3 creatures vanquished.

Grand Total: 365 creatures vanquished

Notes
Turn   | Place    | Note
-------+----------+-------------------------------------------
     0 | D:1      | Shayle the Gargoyle Ice Elementalist began the quest for
                  | the Orb.
     0 | D:1      | Reached XP level 1. HP: 10/10 MP: 3/3
   279 | D:1      | Reached XP level 2. HP: 16/16 MP: 3/5
   785 | D:1      | Reached skill level 1 in Armour
   787 | D:1      | Reached skill level 1 in Fighting
   971 | D:1      | Reached XP level 3. HP: 20/20 MP: 4/6
  1456 | D:1      | Learned a level 3 spell: Frozen Ramparts
  1536 | D:2      | Found a shadowy altar of Dithmenos.
  1545 | D:2      | Noticed Robin
  1752 | D:2      | Killed Robin
  1914 | D:2      | Reached XP level 4. HP: 26/26 MP: 7/7
  2584 | D:2      | Found a runed translucent door.
  2585 | D:2      | Noticed Crazy Yiuf
  3021 | D:3      | Noticed a phantom
  3295 | D:3      | Reached XP level 5. HP: 28/30 MP: 5/9
  3765 | D:3      | Found Ytwi's Weapon Emporium.
  4114 | D:3      | Found an opulent altar of Gozag.
  4262 | D:4      | Noticed a yak
  4262 | D:4      | Noticed a yak
  4286 | D:4      | Noticed a yak
  4289 | D:4      | Noticed a yak
  4292 | D:3      | Upgraded the game from 0.27-a0-1299-g1ab19c6527 to
                  | 0.27-a0-1301-g128193abf8
  4417 | D:4      | Reached XP level 6. HP: 17/36 MP: 5/11
  4599 | D:3      | Killed a yak
  4600 | D:3      | Reached skill level 5 in Ice Magic
  4664 | D:3      | Learned a level 3 spell: Ozocubu's Armour
  4669 | D:3      | Learned a level 4 spell: Hailstorm
  4977 | D:4      | Reached XP level 7. HP: 36/41 MP: 5/12
  5122 | D:4      | You fall into a shaft and drop 3 floors!
  5165 | D:7      | Reached skill level 1 in Conjurations
  5173 | D:7      | Reached skill level 1 in Evocations
  5483 | D:6      | Found a staircase to the Ecumenical Temple.
  5594 | D:6      | Reached XP level 8. HP: 48/48 MP: 9/14
  5599 | Temple   | Entered the Ecumenical Temple
  5636 | Temple   | Became a worshipper of Vehumet
  5846 | D:6      | Identified a scroll of acquirement
  5847 | D:6      | Acquired the +8 storm bow {elec, penet}
  5848 | D:6      | Found the +8 storm bow {elec, penet}
  5899 | D:6      | Identified the +8 great sword of Defenestration {vorpal,
                  | rElec rPois SInv}
  5983 | D:6      | Found a glowing silver altar of Zin.
  6016 | D:5      | Entered Level 5 of the Dungeon
  6543 | D:2      | Killed Crazy Yiuf
  6913 | D:5      | Found Qimmaphu's Antique Armour Emporium.
  6921 | D:5      | Bought a pair of glowing boots for 157 gold pieces
  6952 | D:5      | Found Rukesh's Armour Shoppe.
  7049 | D:5      | Found a basalt altar of Yredelemnul.
  7206 | D:5      | Found Ijim's Weapon Emporium.
  7233 | D:5      | Found a sparkling altar of Nemelex Xobeh.
  7373 | D:5      | Found a broken altar of Ashenzari.
  7480 | D:6      | Reached skill level 5 in Armour
  7815 | D:6      | Reached skill level 5 in Fighting
  7933 | D:6      | Reached XP level 9. HP: 54/54 MP: 9/16
  8258 | D:6      | Reached skill level 5 in Spellcasting
  8543 | D:7      | Reached * piety under Vehumet
  8543 | D:7      | Offered knowledge of Shock by Vehumet.
  8553 | D:7      | Reached skill level 5 in Conjurations
  8554 | D:7      | Reached XP level 10. HP: 61/61 MP: 1/18
  8560 | D:7      | Noticed Jessica
  8572 | D:7      | Killed Jessica
  9264 | D:7      | Found a runed translucent door.
  9264 | D:7      | Found a shimmering altar of Xom.
  9264 | D:7      | Noticed a +2 short sword of chaos
  9264 | D:7      | Noticed drugrobin's ghost (novice DgWr)
  9377 | D:8      | Found a flagged portal.
  9393 | Bailey   | Entered a bailey
  9579 | Bailey   | Reached ** piety under Vehumet
  9579 | Bailey   | Offered knowledge of Static Discharge by Vehumet.
  9753 | Bailey   | Noticed an orc knight
  9761 | Bailey   | Killed an orc knight
  9762 | Bailey   | Reached skill level 5 in Evocations
  9947 | D:8      | Noticed a centaur warrior
  9956 | D:8      | Killed a centaur warrior
 10073 | D:8      | Found a shadowy altar of Dithmenos.
 10092 | D:8      | Offered knowledge of Poisonous Vapours by Vehumet.
 10202 | D:8      | Found a burning altar of Makhleb.
 10644 | D:9      | Found a bloodstained altar of Trog.
 10699 | D:9      | Reached XP level 11. HP: 58/67 MP: 20/20
 10709 | D:9      | Reached *** piety under Vehumet
 11019 | D:9      | Offered knowledge of Sticky Flame by Vehumet.
 11468 | D:9      | Found a shimmering blue altar of Sif Muna.
 11585 | D:10     | Entered Level 10 of the Dungeon
 12440 | D:10     | Found a staircase to the Orcish Mines.
 12518 | D:10     | Noticed a death yak
 12534 | D:10     | Noticed a death yak
 12535 | D:10     | Noticed a death yak
 12559 | D:10     | Killed a death yak
 12906 | Orc:1    | Entered Level 1 of the Orcish Mines
 12906 | Orc:1    | Noticed an orc knight
 12916 | D:10     | Learned a level 4 spell: Sticky Flame
 13045 | D:11     | Noticed a deep elf pyromancer
 13046 | D:11     | Noticed a manticore
 13099 | D:11     | Noticed a six-headed hydra
 13137 | D:10     | Noticed a death yak
 13147 | D:10     | Killed a death yak
 13148 | D:10     | Reached skill level 1 in Fire Magic
 13293 | D:10     | Found a staircase to the Lair.
 13293 | D:10     | Noticed a death yak
 13310 | D:10     | Noticed a death yak
 13334 | D:11     | Killed a death yak
 14006 | D:11     | Noticed a cyclops
 14017 | D:11     | Killed a cyclops
 14056 | D:11     | Noticed a cyclops
 14072 | D:11     | Killed a cyclops
 14073 | D:11     | Reached XP level 12. HP: 61/75 MP: 23/23
 14073 | D:11     | Reached **** piety under Vehumet
 14212 | D:11     | Noticed a two-headed ogre
 14218 | D:11     | Killed a two-headed ogre
 14375 | D:10     | HP: 3/75 [orc knight (2)]
 14828 | Orc:1    | Offered knowledge of Freezing Cloud by Vehumet.
 14983 | D:10     | Learned a level 5 spell: Freezing Cloud
 15112 | D:9      | Killed a death yak
 15358 | D:10     | Killed a death yak
 15361 | D:10     | Killed a death yak
 15693 | D:10     | Noticed a two-headed ogre
 15698 | D:10     | Killed a two-headed ogre
 16026 | D:11     | Reached XP level 13. HP: 59/81 MP: 9/25
 16759 | D:11     | Reached skill level 10 in Fighting
 16898 | D:11     | Reached skill level 10 in Ice Magic
 17478 | D:12     | Reached skill level 5 in Fire Magic
 17601 | D:12     | Reached ***** piety under Vehumet
 17601 | D:12     | Offered knowledge of Fireball by Vehumet.
 17680 | D:12     | Identified Lehudib's Guide on Confrontation
 17695 | D:12     | Learned a level 7 spell: Orb of Destruction
 17939 | D:12     | Found the +3 warlock's mirror {reflect}
 17952 | D:12     | Cast into level 2 of the Abyss (a wizard)
 18096 | Abyss:2  | Noticed a balrug
 18111 | Abyss:2  | Mangled by a balrug

Illustrated notes

Levels and vault maps discovered:
D:1:      shiori_arrival_elements, layout_basic, st_stairs_9
D:2:      layout_basic, basic_altar, uniq_robin, uniq_crazy_yiuf_cottage
D:3:      layout_basic, nicolae_gozag_cash_rules_everything_around_me,
          serial_shops, nicolae_shop_behind_doors
D:4:      layout_basic
D:5:      layout_gridville, lemuel_round_altar, nicolae_overflow_hidden_temple,
          marbit_many_paths, serial_shops, nicolae_shop_stone,
          nicolae_shop_stone, nicolae_shop_crystal, amethyst_killhole
D:6:      layout_basic, nicolae_overflow_crystal_walls,
          minmay_temple_entry_statues_fountains
D:7:      erik_cavepeople, layout_basic, ebering_ghost_xom
D:8:      layout_rooms, grunt_dithmenos_smoke_and_mirrors, lemuel_tele_altar,
          enter_bailey_3, grunt_decor_clamped
D:9:      layout_basic, trog_three_pillars_becter, kennysheep_orc_sif_temple
D:10:     layout_basic, dpeg_lair_monsters, david_orc_2, minmay_joined_circles
D:11:     hangedman_cross_cluster, layout_grid_maze
D:12:     minmay_smoke_and_mirrors, layout_cave_pools, serial_shops,
          nicolae_lakefront_shop, kennysheep_mini_moat
Temple:   cyrus_circular_temple
Orc:1:    layout_caves, guppyfry_library_mini
Abyss:2:  base: Lair:4, onia_ninara_dug_in_and_dangerous

Skill      XL: |  1  2  3  4  5  6  7  8  9 10 11 12 13 |
---------------+----------------------------------------+-----
Armour         | 1 2 3 4 5 6 7 8 9 |  9.1
Fighting       | 1 2 3 4 5 6 7 8 9 10 | 10.2
Spellcasting   | 3 4 5 6 7 8 |  8.9
Ice Magic      | 5 6 7 8 9 10 | 10.2
Conjurations   | 2 3 5 6 7 8 9 |  9.5
Evocations     | 1 3 4 5 6 7 8 |  8.1
Fire Magic     | 2 4 5 |  5.4
Dodging        | 2 4 |  4.0
Stealth        | |  2.1
Shields        | |  0.4

Action                   |  1- 3 |  4- 6 |  7- 9 | 10-12 | 13-15 || total
-------------------------+-------+-------+-------+-------+-------++-------
Melee: Club              |     9 |       |       |       |       ||     9
       Unarmed           |     1 |       |       |       |       ||     1
       Dagger            |    19 |   170 |    90 |       |       ||   279
       Great sword       |       |       |    60 |   291 |    42 ||   393
       Morningstar       |       |       |       |    15 |       ||    15
       Rapier            |       |       |       |       |     8 ||     8
 Fire: Longbow           |       |       |       |    34 |       ||    34
 Cast: Freeze            |    46 |    23 |     9 |       |       ||    78
       Frozen Ramparts   |     2 |    21 |    20 |    23 |     6 ||    72
       Ozocubu's Armour  |       |       |    12 |    20 |     3 ||    35
       Hailstorm         |       |       |     2 |     7 |     1 ||    10
       Freezing Cloud    |       |       |       |    12 |    25 ||    37
       Sticky Flame      |       |       |       |     4 |       ||     4
Evoke: Wand              |       |       |       |     4 |       ||     4
  Use: Scroll            |     1 |     4 |     4 |     5 |     2 ||    16
       Potion            |       |     2 |       |     3 |     3 ||     8
 Stab: Sleeping          |     1 |     4 |     3 |     4 |       ||    12
       Confused          |       |       |       |     1 |       ||     1
       Distracted        |       |       |       |       |     1 ||     1
Armor: Robe              |    29 |    47 |    43 |    37 |       ||   156
       Acid dragon scale |       |       |       |   229 |    48 ||   277
Dodge: Dodged            |    36 |   105 |   115 |   354 |    66 ||   676
Block: Buckler           |       |       |       |       |     4 ||     4
       Rpst.: Great sword |       |       |    18 |    68 |     9 ||    95

Table legend: (Time is in decaauts)
 A = Elapsed time spent in this place.
 B = Non-inter-level travel time spent in this place.
 C = Inter-level travel time spent in this place.
 D = Time resting spent in this place.
 E = Time spent auto-exploring this place.
 F = Levels seen in this place.
 G = Mean time per level.
                   A        B        C        D        E       F      G
               +--------+--------+--------+--------+--------+-----+--------+
         Total |  18374 |  17764 |    610 |   5743 |   7709 |  16 | 1148.4 |
       Dungeon |  17595 |  16994 |    601 |   5386 |   7582 |  12 | 1466.2 |
        Temple |     46 |     37 |      9 |      0 |     29 |   1 |   46.0 |
  Orcish Mines |     41 |     41 |      0 |      0 |      0 |   1 |   41.0 |
         Abyss |    160 |    160 |      0 |      0 |     89 |   1 |  160.0 |
        Bailey |    530 |    530 |      0 |    357 |      9 |   1 |  530.0 |
               +--------+--------+--------+--------+--------+-----+--------+

Top non-repeatable levels by time:
    D:10: 2903 daAuts
    D:11: 2815 daAuts
     D:1: 1723 daAuts
     D:2: 1625 daAuts
     D:6: 1466 daAuts
     D:9: 1276 daAuts
     D:3: 1217 daAuts
     D:4: 1192 daAuts
     D:7: 1182 daAuts
     D:5: 870 daAuts
     D:8: 731 daAuts
    D:12: 589 daAuts
  Bailey: 530 daAuts
 Abyss:2: 160 daAuts
  Temple: 46 daAuts
